 Dungeon Crawl Stone Soup version 0.29-a0-22-gbf593b16ee (webtiles) character file.

Game seed: 7380581430152216577

34 oldriver the Magician (level 3, -2/39 HPs)
             Began as a Human Hedge Wizard on Jan 30, 2022.
             Killed from afar by Natasha (7 damage)
             ... with a puff of flame
             ... on level 2 of the Dungeon.
             The game lasted 00:01:51 (1831 turns).

oldriver the Magician (Human Hedge Wizard)          Turns: 1831, Time: 00:01:52

Health: -2/39      AC: 21    Str: 10    XL:     3   Next: 50%
Magic:  1/7        EV:  2    Int: 16    God:
Gold:   53         SH:  0    Dex: 12    Spells: 5/8 levels left

rFire   . . .      SeeInvis .   a - +0 dagger
rCold   . . .      Faith    .   (no shield)
rNeg    . . .      Spirit   .   (armour currently unavailable)
rPois   +          Reflect  .   (helmet currently unavailable)
rElec   .          Harm     .   (cloak currently unavailable)
rCorr   .          Rampage  .   (gloves currently unavailable)
Will    .....      NoTele   +   (boots currently unavailable)
Stlth   ++........              (no amulet)
HPRegen 0.13/turn               (no ring)
MPRegen 0.10/turn               (no ring)

@: tree-form
A: stationary, stasis, torment immunity, boosted hp
a: no special abilities


You were on level 2 of the Dungeon.
You were a tree.
You visited 1 branch of the dungeon, and saw 2 of its levels.

You collected 53 gold pieces.

Inventory:

Hand Weapons
 a - a +0 dagger (weapon)
Armour
 b - a +0 robe (melded)
 c - a +0 hat (melded)
Scrolls
 d - a scroll of magic mapping


   Skills:
 + Level 1.4 Fighting
 - Level 2.0 Dodging
 - Level 2.0 Stealth
 + Level 3.4 Spellcasting
 - Level 1.0 Conjurations
 + Level 1.9 Summonings
 - Level 1.0 Translocations


You had 5 spell levels left.
You knew the following spells:

 Your Spells              Type           Power      Damage    Failure   Level
a - Magic Dart            Conj           20%        1d4       12%         1
b - Call Imp              Summ           9%         N/A       12%         2

Your spell library contained the following spells:

 Spells                   Type           Power      Damage    Failure   Level
 Slow                     Hex            8%         N/A       19%         1
 Blink                    Tloc           10%        N/A       19%         2
 Conjure Flame            Conj/Fire      4%         6-21      41%         3
 Mephitic Cloud           Conj/Pois/Air  3%         N/A       43%         3
 Confusing Touch          Hex            2%         N/A       47%         3
 Vampiric Draining        Necr           2%         2d6       47%         3


Dungeon Overview and Level Annotations

Branches:
Dungeon (2/15)

Altars:

Annotations:
D:2 Natasha


Message History

t - Shout!
Orders for allies: a - Attack new target. p - Attack previous target. r - Retreat! s - Stop attacking. g - Guard the area. f - Follow me.
Anything else - Cancel.
Gang up on whom?
Press: ? - help, Dir - move target, f/p - Natasha
Aim: Natasha, carrying a wand of flame (18) Attack!
Natasha zaps a wand.
The puff of flame misses you.
The magic dart hits Natasha.
Natasha is lightly wounded.
Natasha misses you.
Your shadow imp closely misses Natasha.
You closely miss Natasha.
Natasha is lightly wounded.
Natasha mumbles some strange words.
You feel troubled. Natasha closely misses you.
Your shadow imp hits Natasha.
Natasha stares at you and mumbles some strange words.
The magic dart hits you!
The magic dart hits Natasha.
Natasha is moderately wounded.
Your shadow imp barely misses Natasha.
Natasha barely misses you.
Your shadow imp hits Natasha.
Your magical contamination has completely faded away.
Unknown command.
The magic dart hits Natasha.
Natasha is almost dead.
Natasha claws you!
Your shadow imp closely misses Natasha.
Natasha claws you.
* * * LOW HITPOINT WARNING * * *
Unknown command.
It was a potion of lignification.
You turn into a tree.
Your +0 hat melds into your body.
Your +0 robe melds into your body.
Your roots penetrate the ground.
Your shadow imp completely misses Natasha.
Natasha claws you but does no damage.
Your shadow imp misses Natasha.
You barely miss Natasha.
Natasha is almost dead.
You feel yourself speed up.
Natasha zaps a wand.
The puff of flame hits you!
You die...

# #...##.###.##.#
#.#...###...###.#
#.#...####.## #.#
#..........# #.#
###...###### #.#
#.###...##### #.#
............# #.#
#####..5###.#
#.##### #.#♣h.#
#.....# #>###.#
#####.# #. #.#
#.# #. #.# #.#
#.# #.## #.# #...
.h. #### ...


You could see Natasha (ally target) and a friendly shadow imp (summoned).

Vanquished Creatures
  4 dart slugs
  2 ball pythons
  2 bats (D:1)
  2 giant cockroaches (D:1)
  A goblin (D:1)
  3 hobgoblins (D:1)
  4 jackals (D:1)
  A kobold (D:2)
19 creatures vanquished.

Vanquished Creatures (collateral kills)
  A hobgoblin (D:2)
  A quokka (D:2)
  A rat (D:2)
3 creatures vanquished.

Grand Total: 22 creatures vanquished

Notes
Turn   | Place    | Note
-------+----------+-------------------------------------------
     0 | D:1      | oldriver the Human Hedge Wizard began the quest for the
                  | Orb.
     0 | D:1      | Reached XP level 1. HP: 13/13 MP: 4/4
   368 | D:1      | Reached XP level 2. HP: 17/20 MP: 1/6
   705 | D:1      | Reached skill level 1 in Fighting
  1266 | D:1      | Reached XP level 3. HP: 25/26 MP: 1/7
  1466 | D:1      | Learned a level 2 spell: Call Imp
  1819 | D:2      | Noticed Natasha
  1831 | D:2      | Killed from afar by Natasha

Illustrated notes

Levels and vault maps discovered:
D:1:      zaba_arrival_water, layout_loops_ring
D:2:      layout_loops_ring, serial_shops, shop, basic_ecumenical_altar,
          uniq_natasha

Skill      XL: |  1  2 |
---------------+-------+-----
Fighting       | 1 |  1.4
Dodging        | |  2.0
Stealth        | |  2.0
Spellcasting   | |  3.4
Conjurations   | |  1.0
Summonings     | |  1.9
Translocations | |  1.0

Action                   || total
-------------------------++-------
Melee: Dagger            ||    33
 Cast: Magic Dart        ||    63
       Call Imp          ||     3
  Use: Potion            ||     3
       Scroll            ||     1
Armor: Robe              ||     6
       Skin              ||     1
Dodge: Dodged            ||    33

Table legend: (Time is in decaauts)
 A = Elapsed time spent in this place.
 B = Non-inter-level travel time spent in this place.
 C = Inter-level travel time spent in this place.
 D = Time resting spent in this place.
 E = Time spent auto-exploring this place.
 F = Levels seen in this place.
 G = Mean time per level.
                   A        B        C        D        E       F      G
               +--------+--------+--------+--------+--------+-----+--------+
         Total |   1853 |   1807 |     46 |    485 |   1111 |   2 |  926.5 |
       Dungeon |   1853 |   1807 |     46 |    485 |   1111 |   2 |  926.5 |
               +--------+--------+--------+--------+--------+-----+--------+

Top non-repeatable levels by time:
     D:1: 1557 daAuts
     D:2: 296 daAuts
